 Dungeon Crawl Stone Soup version 0.27-a0-1557-g57f10a385c (webtiles) character file.

Game seed: 3413788273018895783

84 MovingMist the Covered (level 4, -4/28 HPs)
             Began as a Gargoyle Fighter on July 16, 2021.
             Slain by Terence (5 damage)
             ... on level 2 of the Dungeon.
             The game lasted 00:04:52 (2244 turns).

MovingMist the Covered (Gargoyle Fighter)           Turns: 2244, Time: 00:04:52

Health: -4/28      AC: 11    Str: 20    XL:     4   Next: 46%
Magic:  4/4        EV:  8    Int:  8    God:
Gold:   21         SH:  9    Dex: 10    Spells: 3/3 levels left

rFire    . . .     SeeInvis .   a - +0 flail
rCold    . . .     Faith    .   c - +0 kite shield
rNeg     + . .     Spirit   .   b - +0 scale mail
rPois    ∞         Reflect  .   (no helmet)
rElec    +         Harm     .   (no cloak)
rCorr    .         Rampage  .   (no gloves)
Will     .....                  k - +0 pair of boots
Stlth    ..........             (no amulet)
HPRegen  0.09/turn              (no ring)
MPRegen  0.09/turn              (no ring)

@: no status effects
A: sickness immunity, AC +3, negative energy resistance 1, electricity
resistance, torment resistance 1, petrification resistance
a: no special abilities


You were on level 2 of the Dungeon.
You visited 1 branch of the dungeon, and saw 3 of its levels.

You collected 45 gold pieces.
You spent 24 gold pieces at shops.

Inventory:

Hand Weapons
 a - a +0 flail (weapon)
Armour
 b - a +0 scale mail (worn)
 c - a +0 kite shield (worn)
 k - a +0 pair of boots (worn)
Jewellery
 n - a ring of ice
Wands
 o - a wand of digging (7)
Scrolls
 f - a scroll of summoning {unknown}
 i - a scroll of amnesia {unknown}
 l - 4 scrolls of teleportation {unknown}
 m - a scroll of enchant weapon {unknown}
 p - a scroll of magic mapping {unknown}
Potions
 d - a potion of might
 e - a potion of flight {unknown}
 g - a potion of brilliance
 h - a potion of heal wounds
 j - a potion of mutation {unknown}


   Skills:
 - Level 3.2 Fighting
 + Level 2.8 Maces & Flails
 + Level 4.0 Armour
 * Level 2.2 Dodging
 - Level 3.2 Shields


You had 3 spell levels left.
You didn't know any spells.
Your spell library contained the following spells:

 Spells                   Type           Power      Damage    Failure   Level
 Pain                     Necr           0%         1d4       99%         1
 Summon Lightning Spire   Summ/Air       0%         N/A       100%        4
 Agony                    Necr           0%         N/A       100%        5
 Excruciating Wounds      Necr           0%         N/A       100%        5
 Storm Form               Tmut/Air       0%         N/A       100%        7
 Maxwell's Capacitive Co  Air            0%         ∞         100%        8


Dungeon Overview and Level Annotations

Branches:
Dungeon (3/15)

Altars:

Shops:
D:2 *

Annotations:
D:2 Terence
D:3 Sigmund


Innate Abilities, Weirdness & Mutations

You are immune to sickness and miasma.
Your stone body is resilient. (AC +3)
You are immune to poison.
You resist negative energy. (rN+)
You are resistant to electric shocks. (rElec)
You are resistant to unholy torment.
You are immune to petrification.


Message History

You hit Terence.
Terence is lightly wounded.
You block Terence's attack.
You hit Terence.
Terence is heavily wounded.
You block Terence's attack. Terence hits you but does no damage.
You completely miss Terence.
Terence is heavily wounded.
You block Terence's attack.
You closely miss Terence.
Terence is heavily wounded.
Terence hits you with a +1 mace of holy wrath.
Terence hits you but does no damage.
You barely miss Terence.
Terence is heavily wounded.
You block Terence's attack.
You hit Terence but do no damage.
Terence is heavily wounded.
You block Terence's attack. x2
You closely miss Terence.
Terence is heavily wounded.
Terence barely misses you.
You hit Terence.
Terence is heavily wounded.
Terence hits you with a +1 mace of holy wrath!
* * * LOW HITPOINT WARNING * * *
You block Terence's attack.
You hit Terence but do no damage.
Terence is heavily wounded.
Terence barely misses you. Terence hits you but does no damage.
There is a stone staircase leading up here.
Terence hits you with a +1 mace of holy wrath.
* * * LOW HITPOINT WARNING * * *
You climb upwards.
There is a stone staircase leading down here.
Terence hits you with a +1 mace of holy wrath.
* * * LOW HITPOINT WARNING * * *
Terence hits you with a +1 mace of holy wrath.
You die...

#..###.# #..#.#.# #.##.####PP≈≈
#.##..## ##...#.# #.##.#...≈≈≈≈
##.#.### #..##.# #.##......≈P♣
.'.##..#####..##.# #.##........≈
##.####.#...(.##.# #.##.......≈P
##.##..##......#.# #.##..##+#+≈≈
...#.###.......#.####.##..##.#..≈
...##..#.>.....#................≈
........####+#..@#########.#.####
......<.'....##@.# #...# #
........#######.># ###.# #
........# #### #.# ######### ###


You could see Terence.

Vanquished Creatures
  3 adders (D:2)
  A worm (D:3)
  2 dart slugs
  An orc (D:2)
  5 ball pythons
  9 endoplasms
  4 hobgoblins
  A quokka (D:3)
  8 bats
  3 frilled lizards
  2 goblins (D:1)
  5 kobolds
  4 rats
48 creatures vanquished.

Vanquished Creatures (others)
  31 plants (D:2)
31 creatures vanquished.

Grand Total: 79 creatures vanquished

Notes
Turn   | Place    | Note
-------+----------+-------------------------------------------
     0 | D:1      | MovingMist the Gargoyle Fighter began the quest for the
                  | Orb.
     0 | D:1      | Reached XP level 1. HP: 14/14 MP: 1/1
   291 | D:1      | Reached XP level 2. HP: 19/19 MP: 2/2
   448 | D:1      | Reached skill level 1 in Dodging
   863 | D:1      | Reached XP level 3. HP: 23/23 MP: 3/3
  1198 | D:2      | Found Bal Vifuun's General Store.
  1206 | D:2      | Bought a scroll of identify for 24 gold pieces
  1559 | D:2      | Reached XP level 4. HP: 28/28 MP: 4/4
  1973 | D:3      | Noticed Sigmund
  2069 | D:3      | Noticed Terence
  2175 | D:3      | Reached skill level 4 in Armour
  2243 | D:2      | HP: 1/28 [Terence (2)]
  2244 | D:2      | Slain by Terence

Illustrated notes

Levels and vault maps discovered:
D:1:      dpeg_arrival_rooms_b, layout_basic
D:2:      layout_basic, serial_shops, shop, serial_bayou, serial_bayou_pond_b,
          serial_bayou_lake_a, serial_bayou_shore_b, serial_bayou_lagoon_a,
          grunt_decor_resistance, hex_intersection
D:3:      layout_rooms, uniq_terence, uniq_sigmund

Skill      XL: |  1  2  3  4 |
---------------+-------------+-----
Dodging        | 1 2 |  2.2
Armour         | 4 |  4.0
Fighting       | |  3.2
Maces & Flails | |  2.8
Shields        | |  3.2

Action                   |  1- 3 |  4- 6 || total
-------------------------+-------+-------++-------
Melee: Flail             |   103 |    69 ||   172
  Use: Scroll            |     2 |       ||     2
Armor: Scale mail        |    48 |    33 ||    81
Dodge: Dodged            |    46 |    26 ||    72
Block: Kite shield       |    62 |    47 ||   109

Table legend: (Time is in decaauts)
 A = Elapsed time spent in this place.
 B = Non-inter-level travel time spent in this place.
 C = Inter-level travel time spent in this place.
 D = Time resting spent in this place.
 E = Time spent auto-exploring this place.
 F = Levels seen in this place.
 G = Mean time per level.
                   A        B        C        D        E       F      G
               +--------+--------+--------+--------+--------+-----+--------+
         Total |   2379 |   2216 |    163 |     45 |   1648 |   3 |  793.0 |
       Dungeon |   2379 |   2216 |    163 |     45 |   1648 |   3 |  793.0 |
               +--------+--------+--------+--------+--------+-----+--------+

Top non-repeatable levels by time:
     D:2: 1139 daAuts
     D:1: 1045 daAuts
     D:3: 193 daAuts
